Map: Eastwatch LE

Players

FredericL

  • Race: Protoss Protoss
  • League: Gold
  • Spawn Location: 1:00

CinDra - Winner!

  • Race: Zerg Zerg
  • League: Gold
  • Spawn Location: 7:00

VOD

Have the link to the VOD?

Description

Time

  • Played on: March 12, 2018, 6:07 p.m.
  • Length: 17:15
Show
View Real Time Build Order
Export as new Build Order

FredericL Protoss 

Build Orders: 1 Gate Expand 

Get SALT Encoding   

  12  0:01  Probe (Chrono Boost)  
  13  0:14  Probe (Chrono Boost)  
  14  0:22  Probe (Chrono Boost)  
  14  0:23  Pylon  
  15  0:42  Probe  
  16  0:48  Gateway  
  16  0:54  Probe  
  17  1:06  Probe (Chrono Boost)  
  18  1:16  Probe (Chrono Boost)  
  18  1:17  Forge  
  19  1:21  Probe (Chrono Boost)  
  20  1:39  Pylon  
  20  1:43  Nexus  
  20  1:57  Photon Cannon  
  20  2:02  Gateway  
  20  2:08  Photon Cannon  
  20  2:21  Pylon  
  20  2:52  Probe  
  20  2:54  Assimilator  
  20  2:57  Probe  
  22  3:04  Probe  
  23  3:06  Cybernetics Core  
  23  3:09  Probe  
  24  3:15  Assimilator  
  24  3:16  Assimilator  
  24  3:21  Probe  
  25  3:28  Photon Cannon  
  26  3:36  Probe (Chrono Boost)  
  26  3:40  Probe (Chrono Boost)  
  28  3:49  Probe (Chrono Boost)  
  28  3:50  Probe (Chrono Boost)  
  29  3:58  Probe, Pylon  
  30  4:04  Warp Gate  
  30  4:10  Probe  
  30  4:16  Stalker  
  33  4:19  Stargate  
  33  4:27  Probe (Chrono Boost)  
  33  4:30  Assimilator  
  34  4:36  Probe (Chrono Boost)  
  35  4:40  Pylon  
  35  4:41  Probe (Chrono Boost)  
  36  4:51  Sentry (Chrono Boost)  
  38  4:56  Pylon  
  38  5:06  Void Ray  
  42  5:09  Probe (Chrono Boost)  
  42  5:12  Photon Cannon  
  43  5:19  Probe (Chrono Boost)  
  44  5:24  Probe (Chrono Boost)  
  45  5:28  Fleet Beacon  
  45  5:36  Probe  
  45  5:40  Stargate, Pylon  
  46  5:45  Probe  
  47  5:52  Protoss Ground Weapons Level 1  
  47  5:54  Void Ray  
  51  5:57  Probe  
  52  6:06  Gateway  
  52  6:09  Gateway, Probe  
  52  6:10  Gateway  
  53  6:16  Twilight Council  
  53  6:21  Probe  
  54  6:31  Photon Cannon  
  54  6:36  Pylon  
  54  6:48  Tempest  
  54  6:49  Tempest  
  66  7:13  Sentry x2  
  70  7:17  Charge  
  70  7:48  Tempest x2  
  82  8:10  Pylon  
  82  8:15  Probe (Chrono Boost)  
  83  8:25  Probe (Chrono Boost)  
  84  8:31  Phoenix x2, Gateway  
  88  8:40  Pylon  
  88  8:56  Void Ray  
  92  9:03  Tempest  
  96  9:39  Tempest  
  102  10:17  Pylon  
  102  10:22  Nexus  
  102  10:35  Tempest  
  108  10:42  Shield Battery  
  108  10:43  Sentry  
  110  10:55  Pylon  
  108  11:00  Protoss Ground Weapons Level 2  
  108  11:05  Pylon  
  108  11:07  Pylon  
  108  11:08  Pylon, Photon Cannon  
  108  11:10  Assimilator  
  108  11:13  Assimilator  
  108  11:25  Tempest, Pylon  
  114  11:26  Zealot x3  
  120  11:40  Gateway  
  120  11:42  Gateway  
  120  11:46  Phoenix  
  120  11:47  Zealot x4, Dark Shrine  
  120  11:48  Zealot  
  130  12:33  Tempest x2  
  130  12:35  Sentry x2  
  144  12:38  Zealot x2  
  132  13:03  Zealot x2  
  132  13:04  Zealot x3  
  133  13:31  Pylon  
  133  13:32  Nexus  
  133  13:33  Pylon  
  133  13:37  Pylon  
  133  13:40  Pylon  
  133  13:52  Pylon  
  133  13:55  Pylon  
  133  13:57  Pylon  
  133  13:58  Zealot x4  
  133  14:00  Pylon  
  141  14:10  Tempest  
  141  14:11  Tempest  
  153  14:19  Dark Templar x4  
  153  14:20  Dark Templar x2  
  153  14:22  Dark Templar  
  130  14:52  Sentry x3  
  122  14:53  Sentry  
  75  15:26  Probe  
  76  15:38  Probe  
  77  15:50  Probe  
  77  15:52  Probe  
  79  16:03  Probe  
  80  16:04  Probe  
  80  16:07  Templar Archives  
  80  16:09  Sentry x2  
  80  16:10  Sentry x3  
  91  16:15  Probe  
  91  16:16  Probe  
  81  16:34  Assimilator  
  81  16:35  Assimilator  
  81  16:36  Zealot x3  
  81  16:37  Zealot x3  
  93  16:46  Shield Battery  
  93  16:49  Shield Battery  
  60  17:01  Dark Templar  
  60  17:02  Dark Templar x3  
  60  17:04  Dark Templar  
  60  17:05  Dark Templar  
Show
View Real Time Build Order
Export as new Build Order

CinDra Zerg - Winner!

Build Orders: Hatch First 

Get SALT Encoding   

  12  0:00  Drone  
  13  0:12  Overlord  
  13  0:17  Drone  
  14  0:33  Drone x2  
  14  0:34  Drone  
  17  0:55  Hatchery, Drone  
  17  0:59  Drone  
  18  1:08  Extractor  
  17  1:16  Spawning Pool  
  17  1:17  Drone  
  17  1:28  Drone x2  
  19  1:38  Overlord  
  19  1:49  Drone  
  20  2:03  Queen  
  20  2:04  Zergling x2  
  20  2:07  Zergling x2  
  24  2:08  Queen  
  24  2:11  Zergling x2  
  26  2:34  Zergling x8  
  30  2:40  Zergling x2  
  30  3:04  Drone x4  
  30  3:05  Drone  
  31  3:13  Queen  
  31  3:14  Queen  
  31  3:15  Drone  
  31  3:18  Metabolic Boost  
  36  3:25  Overlord  
  36  3:26  Overlord  
  36  3:57  Zergling x2  
  36  3:58  Overlord, Drone x8  
  45  4:19  Hatchery  
  45  4:20  Spore Crawler  
  43  4:26  Drone  
  43  4:27  Drone x6  
  43  4:31  Drone x3  
  53  4:32  Spore Crawler  
  52  4:52  Drone x4  
  56  5:05  Drone  
  56  5:06  Roach Warren  
  56  5:08  Drone  
  56  5:09  Drone x3  
  56  5:11  Overlord  
  56  5:12  Overlord  
  60  5:15  Extractor  
  60  5:18  Extractor  
  60  5:19  Extractor  
  57  5:25  Drone x3  
  57  5:26  Overlord x2  
  60  5:34  Drone x4  
  64  5:39  Drone x2  
  66  5:49  Pneumatized Carapace  
  66  5:50  Queen, Lair  
  68  5:57  Drone x3  
  68  5:58  Drone x2  
  73  6:14  Roach  
  73  6:15  Roach x9  
  93  6:42  Evolution Chamber  
  93  6:44  Evolution Chamber, Drone x3  
  93  6:45  Drone  
  95  6:57  Hydralisk Den  
  94  7:13  Overlord x3  
  94  7:14  Overlord x2  
  93  7:18  Spore Crawler  
  88  7:45  Hydralisk  
  88  7:46  Hydralisk x12  
  88  7:48  Hydralisk  
  116  7:55  Queen  
  118  8:03  Hydralisk  
  118  8:04  Hydralisk x2  
  124  8:20  Drone  
  124  8:21  Drone x3  
  124  8:22  Extractor  
  124  8:23  Extractor  
  126  8:40  Hydralisk  
  128  8:54  Glial Reconstitution  
  126  8:57  Zerg Missile Weapons Level 1  
  126  8:58  Hatchery, Zerg Ground Armor Level 1  
  126  9:00  Grooved Spines  
  125  9:17  Overlord  
  125  9:18  Overlord x4  
  125  9:25  Overlord x2  
  125  9:26  Overlord  
  125  9:38  Overlord x2  
  123  9:57  Hydralisk  
  123  9:58  Hydralisk x13  
  149  10:09  Hydralisk x2  
  151  10:21  Hydralisk x10  
  155  10:53  Hydralisk  
  155  10:54  Hydralisk x9  
  155  10:56  Queen  
  165  11:03  Overseer x2  
  163  11:16  Drone  
  163  11:17  Drone x9  
  173  11:25  Zerg Missile Weapons Level 2  
  173  11:26  Zerg Ground Armor Level 2  
  173  11:39  Queen  
  175  11:40  Queen  
  175  11:42  Hydralisk x3  
  175  11:45  Overlord x4  
  183  11:51  Muscular Augments  
  183  12:12  Drone  
  183  12:13  Drone x6  
  183  12:14  Drone x4  
  194  12:21  Extractor  
  193  12:22  Extractor  
  193  12:28  Hydralisk  
  193  12:29  Hydralisk x3  
  164  13:08  Hydralisk x11  
  164  13:09  Hydralisk x11  
  198  13:45  Spore Crawler  
  197  13:54  Hatchery  
  196  14:02  Hydralisk  
  196  14:03  Hydralisk  
  200  14:25  Infestation Pit  
  200  14:28  Drone  
  160  15:06  Hydralisk x8  
  160  15:07  Hydralisk x18  
  172  15:14  Hydralisk x7  
  172  15:15  Hydralisk x10  
  186  15:25  Overseer x2  
  186  15:26  Overseer x5  
  178  16:13  Extractor  
  178  16:18  Drone  
  168  16:19  Drone x12  
  180  16:30  Drone x3  
  180  16:31  Drone  
  184  16:42  Hatchery  
Tags
 
Add a new tag
Caveats
  • Supply blocks, unpowered buildings, or Contaminate may cause inaccurate times.
  • Supply counts are checked every 10 seconds.